 Dungeon Crawl Stone Soup version 0.23.2-33-g5129a83184 (webtiles) character file.

Game seed: 177834338881413129

199 psyvane the Digger (level 5, -1/28 HPs)
             Began as a Gargoyle Earth Elementalist on July 6, 2019.
             Slain by Sigmund
             ... wielding a +0 scythe
              (8 damage)
             ... on level 3 of the Dungeon.
             The game lasted 00:20:14 (2931 turns).

psyvane the Digger (Gargoyle Earth Elementalist)    Turns: 2931, Time: 00:20:14

Health: -1/28      AC: 10    Str: 12    XL:     5   Next: 77%
Magic:  8/8        EV: 12    Int: 15    God:
Gold:   113        SH:  0    Dex: 11    Spells: 2/8 levels left

rFire    + . .     SeeInvis .   t - +0 short sword
rCold    + . .     Gourm    .   (no shield)
rNeg     + + .     Faith    .   c - +0 robe
rPois    ∞         Spirit   .   e - +2 helmet
rElec    +         Reflect  .   (no cloak)
rCorr    +         Harm     .   (no gloves)
MR       .....                  p - +0 pair of boots
Stlth    ++........             a - amulet of rage
HPRegen  0.09/turn              r - ring of positive energy
MPRegen  0.11/turn              (no ring)

@: resistant
A: negative energy resistance 1, electricity resistance, unbreathing,
petrification resistance, rot immunity, AC +4
a: Evoke Berserk Rage


You were on level 3 of the Dungeon.
You were not hungry.

You visited 1 branch of the dungeon, and saw 4 of its levels.

You collected 113 gold pieces.

Inventory:

Hand Weapons
 t - a +0 short sword (weapon)
Missiles
 b - 17 stones (quivered)
Armour
 c - a +0 robe (worn)
 e - a +2 helmet (worn)
 p - a +0 pair of boots (worn)
Jewellery
 a - an amulet of rage (around neck)
 r - a ring of positive energy (left hand)
Scrolls
 j - 2 scrolls of immolation
 n - 6 scrolls of remove curse
 o - a scroll of blinking {unknown}
 q - a scroll of magic mapping {unknown}
 u - a scroll of random uselessness {unknown}
Potions
 f - a potion of haste
Comestibles
 d - 3 rations


   Skills:
 + Level 0.4 Short Blades
 - Level 1.5 Dodging
 - Level 2.1 Stealth
 - Level 2.0 Spellcasting
 + Level 0.7 Transmutations
 * Level 7.4 Earth Magic


You had 2 spell levels left.
You knew the following spells:

 Your Spells              Type           Power        Failure   Level  Hunger
a - Sandblast             Erth           ###...       1%          1    #......
b - Stone Arrow           Conj/Erth      ##....       14%         3    ###....
c - Passwall              Tmut/Erth      ##......     6%          2    ###....

Your spell library contained the following spells:

 Spells                   Type           Power        Failure   Level  Hunger
 Lee's Rapid Deconstruct  Erth           ###.......   28%         5    ######.
 Petrify                  Tmut/Erth      ##......     38%         4    #####..


Dungeon Overview and Level Annotations

Branches:
Dungeon (4/15)
 Temple: D:4-7

Altars:
Ashenzari
Dithmenos
Ru
Zin

Shops:
D:2 *

Annotations:
D:3 Sigmund


Innate Abilities, Weirdness & Mutations

You are resistant to torment.
Your stone body is resilient. (AC +4)
You are immune to poison.
You resist negative energy. (rN+)
You are resistant to electric shocks. (rElec)
You can survive without breathing.
You are immune to petrification.
You are immune to rotting.


Message History

You are too confused!
You are too confused!
You miss Sigmund.
Sigmund is heavily wounded.
Sigmund points at you and mumbles some strange words.
The magic dart hits you but does no damage.
Sigmund hits you with a +0 scythe!
Press: ? - help, v - describe, . - travel
Here: Sigmund, wielding a +0 scythe and wearing a cursed +0 robe (heavily wounded)
The floor, spattered with blood.
You feel protected. Sigmund hits you with a +0 scythe.
Magic courses through your body. Sigmund gestures at you while chanting.
The magic dart hits you!
* * * LOW HITPOINT WARNING * * *
You're too confused to cast spells.
You feel less confused.
Sigmund hits you from afar with a +0 scythe!
You die...

#.#...... ...##..#
#####.#...... #..#...
#............ .....
#........#'#' #...###.
#........# #.†.....
#........# #.###..#####
#........###.#......#<.
#........'.............
#.....@..###.#.#.#÷†...
#........# #.#.#§#..#..
#..=...@.# #.#.#.##.#†#
#........###.#.#.#.....
#########.)....#.#....#
#######.##.###.#.#..#
........##.###.#. <..
.w......##.o...#. ...
........########


You could see Sigmund.

Vanquished Creatures
  A hound (D:4)
  An orc wizard (D:3)
  3 adders
  4 gnolls (D:3)
  3 dart slugs
  2 leopard geckos
  12 orcs
  2 ball pythons
  8 bats
  3 giant cockroaches
  2 goblins
  6 hobgoblins
  A quokka (D:3)
  3 frilled lizards
  7 kobolds
  3 rats
61 creatures vanquished.

Notes
Turn   | Place    | Note
-------+----------+-------------------------------------------
     0 | D:1      | psyvane the Gargoyle Earth Elementalist began the quest for
                  | the Orb.
     0 | D:1      | Reached XP level 1. HP: 10/10 MP: 3/3
   119 | D:1      | Reached skill level 4 in Earth Magic
   544 | D:1      | Reached XP level 2. HP: 15/15 MP: 0/5
  1061 | D:2      | Reached skill level 5 in Earth Magic
  1061 | D:2      | Reached XP level 3. HP: 19/19 MP: 4/6
  1062 | D:2      | Found a shadowy altar of Dithmenos.
  1137 | D:2      | Found a shattered altar of Ashenzari.
  1336 | D:2      | Found Zin's Purification Station.
  1344 | D:2      | Found a glowing silver altar of Zin.
  1437 | D:2      | Learned a level 3 spell: Stone Arrow
  1440 | D:2      | Learned a level 2 spell: Passwall
  1573 | D:3      | Reached XP level 4. HP: 24/24 MP: 1/7
  1960 | D:3      | Reached skill level 6 in Earth Magic
  2190 | D:3      | Reached XP level 5. HP: 17/28 MP: 2/8
  2478 | D:3      | Reached skill level 7 in Earth Magic
  2577 | D:3      | Noticed Sigmund
  2687 | D:4      | Found a sacrificial altar of Ru.
  2931 | D:3      | Slain by Sigmund

Skill      XL: |  1  2  3  4  5 |
---------------+----------------+-----
Earth Magic    | 4 5 6 7 |  7.4
Short Blades   | |  0.4
Dodging        | |  1.5
Stealth        | |  2.1
Spellcasting   | |  2.0
Transmutations | |  0.7

Action                   |  1- 3 |  4- 6 || total
-------------------------+-------+-------++-------
Melee: Unarmed           |    91 |     2 ||    93
       Short sword       |       |   104 ||   104
 Cast: Sandblast         |    33 |    36 ||    69
       Stone Arrow       |       |     7 ||     7
       Passwall          |       |     2 ||     2
  Use: Scroll            |     4 |     6 ||    10
       Potion            |       |     6 ||     6
 Stab: Sleeping          |     1 |       ||     1
  Eat: Chunk             |     3 |     4 ||     7
       Ration            |       |     1 ||     1
Armor: Robe              |    60 |    53 ||   113
Dodge: Dodged            |   114 |    88 ||   202
